 Dungeon Sprint DCSS version 0.30-a0-39-g42789b21ef (webtiles) character file.

Game seed: 10670995958553090060

2324 mhtbhm the Grappler (level 9, -12/81 HPs)
             Began as a Black Draconian Transmuter on Aug 28, 2022.
             Was an Elder of Okawaru.
             Mangled by a two-headed ogre
             ... wielding a +0 giant club
              (33 damage)
             ... in the Dungeon (Sprint III: "The Ten Rune Challenge").
             The game lasted 00:03:02 (1725 turns).

mhtbhm the Grappler (Black Draconian Transmuter)    Turns: 1725, Time: 00:03:02

Health: -12/81     AC:  7    Str: 14    XL:     9   Next: 19%
Magic:  14/18      EV: 11    Int: 16    God:    Okawaru [****..]
Gold:   24         SH:  0    Dex: 12    Spells: 13/23 levels left

rFire   x . .      SeeInvis .      - Unarmed
rCold   + + +      Faith    .    (shield currently unavailable)
rNeg    . . .      Spirit   .    (body armour unavailable)
rPois   +          Reflect  .    (helmet currently unavailable)
rElec   .          Harm     .    (cloak currently unavailable)
rCorr   .          Rampage  .    (gloves currently unavailable)
Will    .....      NoTele   +    (boots currently unavailable)
Stlth   +++.......               (no amulet)
HPRegen 0.23/turn                (no ring)
MPRegen 0.16/turn                (no ring)

@: ice-form, wereblooded (expiring)
A: freezing attack, amphibious, boosted hp, (breathe lightning), AC +7, large,
unfitting armour, (electricity resistance), (cold-blooded), (antennae 1), low MP
1
a: End Transformation, Renounce Religion, Heroism, Finesse


You were in the Dungeon.
You worshipped Okawaru.
Okawaru was greatly pleased with you.
You were a creature of crystalline ice.
You visited 1 branch You collected 24 gold pieces.

Inventory:

Armour
 c - a +0 pair of boots (melded)
Wands
 d - a wand of quicksilver (11)
Scrolls
 f - 2 scrolls of immolation {unknown}
 g - a scroll of blinking
 h - a scroll of fog {unknown}
 i - 2 scrolls of identify {unknown}
Potions
 b - a potion of curing
 e - 2 potions of magic
 j - a potion of degeneration {unknown}
 k - 4 potions of mutation
Miscellaneous
 l - a piece from Xom's chessboard (15/15)


   Skills:
 + Level 2.4 Fighting
 + Level 5.3 Dodging
 + Level 5.6 Stealth
 + Level 13.3 Unarmed Combat
 + Level 7.9 Spellcasting
 + Level 9.1 Transmutations
 + Level 2.6 Ice Magic
 + Level 1.4 Poison Magic
 * Level 7.8 Invocations


You had 13 spell levels left.
You knew the following spells:

 Your Spells              Type           Power      Damage    Failure   Level
a - Beastly Appendage     Tmut           70%        N/A       1%          1
b - Wereblood             Tmut           35%        N/A       1%          2
c - Spider Form           Tmut/Pois      23%        N/A       3%          3
d - Ice Form              Ice/Tmut       25%        N/A       10%         4

Your spell library contained the following spells:

 Spells                   Type           Power      Damage    Failure   Level
 Freeze                   Ice            56%        1d7       3%          1
 Frozen Ramparts          Ice            28%        1d5       12%         3
 Hailstorm                Conj/Ice       10%        3d5       54%         4


Dungeon Overview and Level Annotations

Branches:
Dungeon (1/1)

Altars:
Cheibriados
Dithmenos
Elyvilon
Fedhas
Gozag
Hepliaklqana
Kikubaaqudgha
Makhleb
Nemelex Xobeh
Okawaru
Qazlal
Ru
Sif Muna
Trog
Uskayaw
Vehumet
Wu Jian
Xom
Yredelemnul
Zin
The Shining One
Jiyva
Lugonu


Innate Abilities, Weirdness & Mutations

You are a creature of crystalline ice.
You have a powerful freezing melee attack.
You are amphibious.
Your maximum health is increased.
Your armour is entirely melded.
You are incapable of wielding weapons or throwing items.
((You can breathe wild blasts of lightning.))
((Your glossy black scales are hard. (AC +7)))
You cannot fit into any form of body armour.
((You are resistant to electric shocks. (rElec)))
((You are cold-blooded and may be slowed by cold attacks.))
((You have a pair of small antennae on your head.))
Your magical capacity is low. (-10% MP)


Message History

You pulverise the two-headed ogre!!!
You freeze the two-headed ogre!!
The two-headed ogre is almost dead.
You punch the two-headed ogre! You freeze the two-headed ogre.
You kill the two-headed ogre!
Okawaru is honoured by your kill.
Your Stealth skill increases to level 5!
Things that are here:
a +0 giant club; a +0 giant club; a two-headed ogre corpse A two-headed ogre and Erolcha come into view.
Erolcha is wielding a +0 giant club and wearing a +2 robe of positive energy.
Your primal bloodlust is almost over.
The two-headed ogre shouts in stereo!
Erolcha shouts!
Erolcha barely misses you.
The two-headed ogre hits you with a +0 giant club!
The two-headed ogre closely misses you.
You punch Erolcha! You freeze Erolcha.
Erolcha is moderately wounded.
You pummel Erolcha!! You freeze Erolcha!
Erolcha is severely wounded.
Erolcha closely misses you.
The two-headed ogre hits you with a +0 giant club!
The two-headed ogre hits you with a +0 giant club!!
* * * LOW HITPOINT WARNING * * *
You punch Erolcha! You freeze Erolcha!
You feel a bit better.
You kill Erolcha!
Okawaru is honoured by your kill.
Okawaru will now gift you throwing weapons as you gain piety.
You can now speed up your combat.
Your Fighting skill increases to level 2!
Your Unarmed Combat skill increases to level 13!
Your Transmutations skill increases to level 9!
Your Ice Magic skill increases to level 2!
Your Invocations skill increases to level 7!
You have reached level 9!
Your experience leads to an increase in your attributes!
Increase (S)trength, (I)ntelligence, or (D)exterity?
You feel stronger. x2; Your scales feel tougher.
You hit the two-headed ogre but do no damage.
The two-headed ogre hits you with a +0 giant club!!
You die...

#)_# #'## ...# ...#
##'#
...#+##############
...#....#.#.#)....#
...##.#).#.##.###.#
...'##.#.#.##.#OY##
...#...#..#..##.)+
▓▓▓▓▓▓▓▓▓▓▓▓▓▓▓▓▓#
{


You could see a two-headed ogre.

Vanquished Creatures
  Erolcha (D)
  A deep elf pyromancer (D)
  A shadow (D)
  A spatial vortex (D)
  4 two-headed ogres (D)
  A necrophage (D)
  A water elemental (D)
  A jelly (D)
  A wizard (D)
  A necromancer (D)
  A kobold demonologist (D)
  3 humans (D)
  A phantom (D)
  2 endoplasms (D)
  2 rats (D)
22 creatures vanquished.

Notes
Turn   | Place    | Note
-------+----------+-------------------------------------------
     0 | D        | mhtbhm the Draconian Transmuter began the quest for the
                  | Orb.
     0 | D        | Reached XP level 1. HP: 16/16 MP: 3/3
   183 | D        | Reached skill level 4 in Unarmed Combat
   183 | D        | Reached XP level 2. HP: 23/23 MP: 3/5
   237 | D        | Learned a level 2 spell: Wereblood
   243 | D        | Gained mutation: You are frail. (-10% HP) [potion of
                  | mutation]
   243 | D        | Gained mutation: You are weak. (Str -2) [potion of
                  | mutation]
   244 | D        | Lost mutation: You are weak. (Str -2) [potion of mutation]
   244 | D        | Lost mutation: You are frail. (-10% HP) [potion of
                  | mutation]
   244 | D        | Gained mutation: You have a pair of small antennae on your
                  | head. [potion of mutation]
   244 | D        | Gained mutation: Your magical capacity is low. (-10% MP)
                  | [potion of mutation]
   279 | D        | Noticed a water elemental
   296 | D        | Killed a water elemental
   297 | D        | Reached skill level 1 in Stealth
   297 | D        | Reached skill level 6 in Unarmed Combat
   297 | D        | Reached XP level 3. HP: 17/28 MP: 3/7
   297 | D        | Reached XP level 4. HP: 21/35 MP: 3/8
   303 | D        | Found a hide-covered altar of Uskayaw.
   303 | D        | Found an iron altar of Okawaru.
   303 | D        | Found a bloodstained altar of Trog.
   303 | D        | Found an ornate altar of the Wu Jian Council.
   303 | D        | Noticed a human
   303 | D        | Noticed a human
   308 | D        | Killed a human
   309 | D        | Reached skill level 8 in Unarmed Combat
   309 | D        | Reached skill level 5 in Spellcasting
   309 | D        | Reached skill level 5 in Transmutations
   309 | D        | Reached XP level 5. HP: 39/40 MP: 4/11
   319 | D        | Killed a human
   320 | D        | Reached skill level 10 in Unarmed Combat
   320 | D        | Reached XP level 6. HP: 24/47 MP: 4/13
   535 | D        | Became a worshipper of Warmaster Okawaru
   619 | D        | Learned a level 3 spell: Spider Form
   624 | D        | Learned a level 4 spell: Ice Form
   745 | D        | Found a radiant altar of Vehumet.
   745 | D        | Found a shimmering blue altar of Sif Muna.
   745 | D        | Found an ancient bone altar of Kikubaaqudgha.
   748 | D        | Reached skill level 1 in Invocations
   749 | D        | Noticed a sun demon
   764 | D        | Found a basalt altar of Yredelemnul.
   764 | D        | Found a shadowy altar of Dithmenos.
   764 | D        | Found a sacrificial altar of Ru.
  1028 | D        | Found a glowing silver altar of Zin.
  1028 | D        | Found a glowing golden altar of the Shining One.
  1028 | D        | Found a white marble altar of Elyvilon.
  1028 | D        | Noticed a deep elf pyromancer
  1040 | D        | Killed a deep elf pyromancer
  1040 | D        | Reached * piety under Okawaru
  1041 | D        | Reached skill level 11 in Unarmed Combat
  1041 | D        | Your scales start taking on a glossy black colour.
  1041 | D        | Reached XP level 7. HP: 9/52 MP: 9/15
  1041 | D        | Gained mutation: You are resistant to electric shocks.
                  | (rElec) [Black Draconian growth]
  1316 | D        | Noticed a shadow
  1321 | D        | Killed a shadow
  1321 | D        | Reached ** piety under Okawaru
  1322 | D        | Reached skill level 1 in Ice Magic
  1322 | D        | Reached skill level 5 in Invocations
  1322 | D        | Reached XP level 8. HP: 36/59 MP: 10/16
  1327 | D        | Reached skill level 12 in Unarmed Combat
  1489 | D        | Found a blossoming altar of Fedhas.
  1489 | D        | Found a stormy altar of Qazlal.
  1489 | D        | Found a snail-covered altar of Cheibriados.
  1489 | D        | Found a burning altar of Makhleb.
  1489 | D        | Found a shimmering altar of Xom.
  1490 | D        | Found a hazy altar of Hepliaklqana.
  1490 | D        | Found an opulent altar of Gozag.
  1490 | D        | Found a sparkling altar of Nemelex Xobeh.
  1490 | D        | Found a corrupted altar of Lugonu.
  1490 | D        | Found a viscous altar of Jiyva.
  1497 | D        | Reached skill level 5 in Dodging
  1518 | D        | Reached skill level 1 in Poison Magic
  1711 | D        | Noticed a two-headed ogre
  1715 | D        | Killed a two-headed ogre
  1716 | D        | Reached skill level 5 in Stealth
  1720 | D        | Noticed a two-headed ogre
  1720 | D        | Noticed Erolcha
  1724 | D        | Killed Erolcha
  1724 | D        | Reached *** piety under Okawaru
  1724 | D        | Reached **** piety under Okawaru
  1725 | D        | Reached skill level 13 in Unarmed Combat
  1725 | D        | Reached XP level 9. HP: 21/68 MP: 14/18
  1725 | D        | Mangled by a two-headed ogre

Illustrated notes

Levels and vault maps discovered:
D:        dungeon_sprint_mu [sprint_mu_entry_cave, sprint_mu_temple_rooms,
          sprint_mu_d1_spiders, sprint_mu_d2_genie, sprint_mu_d3_branching,
          sprint_mu_orc_legion, sprint_mu_elf_gauntlet, sprint_mu_hive_nellie,
          sprint_mu_lair_fedhas, sprint_mu_vaults_butterflies,
          sprint_mu_slime_circle, sprint_mu_swamp_cave, sprint_mu_snake_twists,
          sprint_mu_blade_basic, sprint_mu_crypt_chambers,
          sprint_mu_tomb_spiral, sprint_mu_vestibule_basic,
          sprint_mu_gehenna_hellfire, sprint_mu_dis_giant,
          sprint_mu_tartarus_statrot, sprint_mu_cocytus_islands, sprint_mu_zot1]

Skill      XL: |  1  2  3  4  5  6  7  8 |
---------------+-------------------------+-----
Dodging        | 2 3 4 5 |  5.3
Unarmed Combat | 4 6 8 10 11 13 | 13.3
Transmutations | 3 4 5 6 7 9 |  9.1
Stealth        | 1 2 3 4 5 |  5.6
Spellcasting   | 3 5 6 7 |  7.9
Invocations    | 4 5 7 |  7.8
Ice Magic      | 1 2 |  2.6
Poison Magic   | 1 |  1.4
Fighting       | 2 |  2.4

Action                   |  1- 3 |  4- 6 |  7- 9 || total
-------------------------+-------+-------+-------++-------
Melee: Unarmed           |    23 |    32 |    25 ||    80
       Headbutt          |     4 |       |       ||     4
       Tailslap          |     3 |       |       ||     3
       Kick              |     1 |       |       ||     1
 Cast: Beastly Appendage |     5 |       |     1 ||     6
       Wereblood         |     1 |     1 |     2 ||     4
       Ice Form          |       |     1 |     3 ||     4
       Spider Form       |       |     1 |       ||     1
Evoke: Wand              |       |     1 |       ||     1
  Use: Potion            |     5 |     1 |     2 ||     8
 Stab: Sleeping          |     1 |     1 |     1 ||     3
Armor: Skin              |     2 |     3 |       ||     5
Dodge: Dodged            |    10 |     5 |    10 ||    25

Table legend: (Time is in decaauts)
 A = Elapsed time spent in this place.
 B = Non-inter-level travel time spent in this place.
 C = Inter-level travel time spent in this place.
 D = Time resting spent in this place.
 E = Time spent auto-exploring this place.
 F = Levels seen in this place.
 G = Mean time per level.
                   A        B        C        D        E       F      G
               +--------+--------+--------+--------+--------+-----+--------+
         Total |   1709 |   1709 |      0 |   1391 |     34 |   1 | 1709.0 |
       Dungeon |   1709 |   1709 |      0 |   1391 |     34 |   1 | 1709.0 |
               +--------+--------+--------+--------+--------+-----+--------+

Top non-repeatable levels by time:
       D: 1709 daAuts
